 Dungeon Crawl Stone Soup version 0.20-a0-959-gdc9e609 (webtiles) character file.

287 Firecrotchwizard the Ducker (level 6, -4/62 HPs)
             Began as a Troll Monk on Apr 7, 2017.
             Was a Believer of Wu Jian.
             Slain by a gnoll
             ... wielding a +0 spear
              (5 damage)
             ... on level 4 of the Dungeon.
             The game lasted 00:05:57 (2007 turns).

Firecrotchwizard the Ducker (Troll Monk)            Turns: 2007, Time: 00:05:58

Health: -4/62      AC:  5    Str: 20    XL:     6   Next: 8%
Magic:  5/5        EV: 12    Int:  6    God:    Wu Jian [**....]
Gold:   184        SH:  0    Dex: 14    Spells: 5/5 levels left

rFire    . . .     SeeInvis .     - Unarmed
rCold    + . .     Gourm    +   (no shield)
rNeg     . . .     Faith    .   a - +0 robe
rPois    .         Spirit   .   (helmet restricted)
rElec    .         Reflect  .   (no cloak)
rCorr    .         Harm     .   (gloves unavailable)
MR       .....                  (boots unavailable)
Stlth    ++........             (no amulet)
Regen    0.6/turn               (no ring)
MPRegen  0.1/turn               (no ring)

@: no status effects
A: unfitting armour, antennae 1, claws 3, cold resistance 1, fast metabolism 3,
gourmand, regeneration 1, shaggy fur 1, tough skin 2
a: Renounce Religion


You were on level 4 of the Dungeon.
You worshipped Wu Jian.
Wu Jian was pleased with you.
You were completely stuffed.

You visited 1 branch of the dungeon, and saw 4 of its levels.

You collected 184 gold pieces.

Inventory:

Armour
 a - a +0 robe (worn)
Scrolls
 d - 4 scrolls of identify {unknown}
 e - 2 scrolls of remove curse {unknown}
 g - a scroll of enchant armour {unknown}
 h - a scroll of recharging {unknown}
 i - 5 scrolls of teleportation {unknown}
 l - 2 scrolls of enchant weapon {unknown}
 p - a scroll of random uselessness {unknown}
Potions
 c - a potion of might {unknown}
 j - a potion of cancellation {unknown}
 k - a potion of flight {unknown}
 m - a potion of curing {unknown}
 n - a potion of mutation
Comestibles
 b - 3 bread rations
 f - 2 fruits
 o - 8 chunks of flesh


   Skills:
 + Level 4.1 Fighting
 + Level 4.2 Dodging
 - Level 2.1 Stealth
 * Level 4.1 Unarmed Combat


You had 5 spell levels left.
You didn't know any spells.

Dungeon Overview and Level Annotations

Branches:
Dungeon (4/15)
 Temple: D:4-7

Altars:
Ashenzari
Makhleb
Ru
Uskayaw
Wu Jian


Innate Abilities, Weirdness & Mutations

You are too large for most types of armour.
You have claws for hands.
Your metabolism is lightning-fast.
You like to eat raw meat.
Your natural rate of healing is unusually fast.
You are covered in fur. (AC +1)
You have very tough skin. (AC +2)
You have a pair of small antennae on your head.
Your flesh is cold resistant. (rC+)


Message History

The gnoll hits you but does no damage. The gnoll hits you with a spear!
The gnoll hits you from afar with a halberd.
You scratch the gnoll.
The gnoll is moderately wounded.
The gnoll hits you with a spear!
* * * LOW HITPOINT WARNING * * *
The gnoll hits you with a spear!
* * * LOW HITPOINT WARNING * * *
It was a potion of mutation.
You feel extremely strange. A pair of antennae grows on your head!
You feel resistant to cold. The gnoll barely misses you.
The gnoll closely misses you. The gnoll barely misses you.
You spin and attack the gnoll.
You scratch the gnoll.
The gnoll is severely wounded.
You spin and attack the gnoll.
You claw the gnoll!
The gnoll is severely wounded.
The gnoll hits you with a halberd.
* * * LOW HITPOINT WARNING * * *
The gnoll hits you with a spear.
You die...

#....<##.# #+#
####..##.#
#.##### #..##.#
#.#... #..##.#
#.#.###
#.....#####.....#
##.#..........#.#
#.#.#))...†....#
..#.#.ggg......#
####.#..@.).....#
#.#....w.....#
#.#..........#
#.#.........##
#...........
#..%.........
###+####.....
.... ..


You could see 3 gnolls and a dart slug.

Vanquished Creatures
  A bullfrog (D:3)
  5 gnolls
  6 adders
  2 oozes (D:2)
  A worm (D:2)
  4 dart slugs
  A leopard gecko (D:3)
  11 orcs
  2 ball pythons
  3 giant cockroaches
  8 goblins
  11 hobgoblins
  A quokka (D:2)
  5 bats
  6 frilled lizards
  12 kobolds
  8 rats
87 creatures vanquished.

Notes
Turn   | Place    | Note
-------+----------+-------------------------------------------
     0 | D:1      | Firecrotchwizard the Troll Monk began the quest for the Orb.
     0 | D:1      | Reached XP level 1. HP: 23/23 MP: 0/0
    71 | D:1      | Reached skill level 1 in Unarmed Combat
   187 | D:1      | Reached XP level 2. HP: 31/31 MP: 1/1
   379 | D:1      | Found a shattered altar of Ashenzari.
   532 | D:2      | Reached XP level 3. HP: 37/37 MP: 2/2
   953 | D:2      | Noticed an enchanted dagger
   953 | D:2      | Noticed a hand axe
   959 | D:2      | Found a hide-covered altar of Uskayaw.
  1010 | D:2      | Reached XP level 4. HP: 46/46 MP: 3/3
  1207 | D:2      | Found an ornate altar of the Wu Jian Council.
  1216 | D:2      | Became a worshipper of the Wu Jian Council
  1216 | D:2      | Reached * piety under Wu Jian
  1216 | D:2      | Reached ** piety under Wu Jian
  1295 | D:2      | Found a burning altar of Makhleb.
  1575 | D:3      | Found a sacrificial altar of Ru.
  1617 | D:3      | Reached XP level 5. HP: 54/54 MP: 4/4
  1996 | D:4      | Reached XP level 6. HP: 60/62 MP: 5/5
  2006 | D:4      | Gained mutation: You have a pair of small antennae on your head. [potion of mutation]
  2006 | D:4      | Gained mutation: Your flesh is cold resistant. (rC+) [potion of mutation]
  2007 | D:4      | HP: 1/62 [gnoll/halberd (6)]
  2007 | D:4      | Slain by a gnoll

Vault maps used:
D:1:      lemuel_arrival_room, ashenzari_altar_1
D:2:      minmay_wonky_spiral, bloody_makhleb, dancing_weapons_uskayaw,
          lemuel_coloured_pillars_altar
D:3:      grunt_decor_one_mirror, nicolae_ru_sacrificial_ziggurat

Skill      XL: |  1  2  3  4  5 |
---------------+----------------+-----
Unarmed Combat | 1 2 3 4 |  4.1
Fighting       | 4 |  4.1
Dodging        | 4 |  4.2
Stealth        | |  2.1

Action                   |  1- 3 |  4- 6 || total
-------------------------+-------+-------++-------
Melee: Unarmed           |    98 |   129 ||   227
       Punch             |     1 |     2 ||     3
  Use: Potion            |       |     1 ||     1
 Stab: Sleeping          |     4 |       ||     4
  Eat: Chunk             |    15 |     9 ||    24
Armor: Robe              |    34 |    37 ||    71
Dodge: Dodged            |    45 |    61 ||   106
